 Dungeon Crawl Stone Soup version 0.23-a0-389-g4a5eb33 (webtiles) character file.

869 iamserjio the Covert (level 7, 2/31 HPs)
             Began as a Felid Abyssal Knight on Oct 29, 2018.
             Was a Priest of Lugonu.
             Quit the game on level 6 of the Dungeon.
             The game lasted 00:21:23 (3265 turns).

iamserjio the Covert (Felid Abyssal Knight)         Turns: 3265, Time: 00:21:24

Health: 2/31       AC:  6    Str: 14    XL:     7   Next: 73%
Magic:  9/9        EV: 22    Int: 14    God:    Lugonu [***...]
Gold:   206        SH:  0    Dex: 16    Spells: 6/6 levels left
                                        Lives:  2   Deaths: 0

rFire    . . .     SeeInvis +     - Unarmed
rCold    . . .     Gourm    .   (shield unavailable)
rNeg     . . .     Faith    .   (armour unavailable)
rPois    .         Spirit   .   (helmet unavailable)
rElec    .         Reflect  .   (cloak unavailable)
rCorr    .         Harm     .   (gloves unavailable)
MR       +....                  (boots unavailable)
Stlth    ++++......             (no amulet)
HPRegen  0.10/turn              d - +4 ring of protection
MPRegen  0.11/turn              (no ring)

@: mighty, lethally poisoned (2 -> -6), quick
A: very small, no armour, no weapons or thrown items, stealth, claws 1, fangs 3,
see invisible, carnivore, speed 1, shaggy fur 2, slow metabolism 1, sharp paws
a: Depart the Abyss, Bend Space, Banish, Renounce Religion


You were on level 6 of the Dungeon.
You worshipped Lugonu.
Lugonu was most pleased with you.
You were completely stuffed.

You visited 1 branch of the dungeon, and saw 6 of its levels.
You visited the Abyss 1 time.

You collected 206 gold pieces.

Inventory:

Missiles
 m - 22 arrows
Jewellery
 d - a +4 ring of protection (left paw)
Wands
 s - a wand of disintegration (17)
 u - a wand of acid (9)
Scrolls
 b - 4 scrolls of remove curse {unknown}
 e - 3 scrolls of blinking {unknown}
 f - a scroll of noise {unknown}
 g - a scroll of torment {unknown}
 i - 2 scrolls of enchant armour {unknown}
 j - a scroll of enchant weapon {unknown}
 p - a scroll of magic mapping {unknown}
 q - 2 scrolls of teleportation {unknown}
 t - a scroll of immolation {unknown}
Potions
 c - 2 potions of flight
 h - 3 potions of haste
 k - 7 potions of heal wounds
 l - a potion of might
 o - a potion of agility {unknown}
Comestibles
 a - 8 rations
 n - 2 chunks of flesh


   Skills:
 - Level 3.0 Fighting
 + Level 6.9 Dodging
 * Level 8.2 Stealth
 + Level 4.5 Unarmed Combat
 + Level 2.4 Invocations


You had 6 spell levels left.
You didn't know any spells.
Your spell library was empty.

Dungeon Overview and Level Annotations

Branches:
Dungeon (6/15)
 Temple: D:4-7

Altars:
Elyvilon
Okawaru
Qazlal
Wu Jian
Xom


Innate Abilities, Weirdness & Mutations

You cannot wear armour.
You are incapable of wielding weapons or throwing items.
Your paws allow you to move quietly. (Stealth)
You have sharp claws.
You have razor-sharp teeth.
You have supernaturally acute eyesight. (SInv)
You are carnivorous and can eat meat at any time.
You cover ground quickly.
You are covered in thick fur. (AC +2)
You have a slow metabolism.
Your sharp claws are effective at attacking unaware monsters.


Message History

The crimson imp hits you but does no damage.
The hound completely misses you. The crimson imp completely misses you.
The crimson imp blinks!
The crimson imp blinks!
You barely miss the hound. The hound bites you but does no damage.
You feel very mighty all of a sudden. The hound completely misses you. x2
You scratch the hound. The hound closely misses you.
The crimson imp blinks!
You closely miss the hound. The hound misses you. The hound closely misses you.
You barely miss the hound. The hound closely misses you.
You claw the hound! You bite the hound.
You kill the hound!
The orc completely misses you.
You see here a hound corpse.
You barely miss the scorpion. The scorpion barely misses you.
You scratch the scorpion. You bite the scorpion. The scorpion stings you!
* * * LOW HITPOINT WARNING * * *
You are lethally poisoned!
The scorpion poisons you!
Okay, then.

.s####÷##..#..##.#.....####...###
..Jo...##........####### #.#..#
######.###.#.##### #.##.###
#.###.#.# #.##.... #..s....#
#†###### ###.#.### #.# ###.....#
#.# #.......#############.#
#####.##.##..os@..........#
##.....#...#..5#############
..>#...........# .#......._....##
####.........# #..#...#..#
##.##.##.## #.......# ##....###


You could see a scorpion, a crimson imp and an orc.

Vanquished Creatures
  A water moccasin (D:5)
  Duvessa (D:5)
  A sky beast (D:5)
  An ogre (D:5)
  A bullfrog (D:2)
  Dowan (D:5)
  3 hounds
  A bullfrog skeleton (D:5)
  An orc wizard (D:4)
  2 worker ants
  2 adders (D:6)
  4 gnolls (D:2)
  2 oozes (D:2)
  2 worms (D:3)
  3 leopard geckos
  17 orcs
  5 giant cockroaches
  4 goblins
  7 hobgoblins
  14 jackals
  8 kobolds
  11 bats
  9 frilled lizards
  3 rats (D:1)
104 creatures vanquished.

Notes
Turn   | Place    | Note
-------+----------+-------------------------------------------
     0 | Abyss:1  | iamserjio the Felid Abyssal Knight began the quest for the
                  | Orb.
     0 | Abyss:1  | Reached XP level 1. HP: 10/10 MP: 3/3
     5 | D:1      | Escaped the Abyss
    79 | D:1      | Reached skill level 1 in Stealth
   104 | D:1      | Reached XP level 2. HP: 7/14 MP: 4/4
   192 | D:1      | Reached * piety under Lugonu
   361 | D:1      | Reached skill level 2 in Stealth
   501 | D:1      | Reached XP level 3. HP: 7/17 MP: 5/5
   630 | D:2      | Noticed a bullfrog
   642 | D:2      | Killed a bullfrog
   642 | D:2      | Reached skill level 3 in Stealth
   642 | D:2      | Reached XP level 4. HP: 20/21 MP: 6/6
   795 | D:2      | Found a stormy altar of Qazlal.
   963 | D:2      | Reached ** piety under Lugonu
   972 | D:2      | Found a faded altar of an unknown god.
  1017 | D:2      | Reached skill level 4 in Stealth
  1025 | D:2      | Reached skill level 5 in Dodging
  1025 | D:2      | Reached XP level 5. HP: 16/24 MP: 7/7
  1299 | D:3      | Found a shimmering altar of Xom.
  1772 | D:3      | Found an ornate altar of the Wu Jian Council.
  2287 | D:4      | Reached skill level 5 in Stealth
  2417 | D:5      | Entered Level 5 of the Dungeon
  2468 | D:5      | Gained mutation: You are covered in thick fur. (AC +2)
                  | [Felid growth]
  2468 | D:5      | Reached XP level 6. HP: 24/28 MP: 8/8
  2651 | D:5      | Reached skill level 6 in Stealth
  2806 | D:5      | Noticed Duvessa
  2807 | D:5      | Noticed Dowan
  2826 | D:5      | Killed Duvessa
  2836 | D:5      | Killed Dowan
  2836 | D:5      | Reached skill level 7 in Stealth
  2836 | D:5      | Reached XP level 7. HP: 31/31 MP: 9/9
  2878 | D:5      | Reached *** piety under Lugonu
  3033 | D:6      | Found an iron altar of Okawaru.
  3078 | D:6      | Reached skill level 8 in Stealth
  3086 | D:6      | Found a white marble altar of Elyvilon.
  3265 | D:6      | Quit the game

Vault maps used:
D:1:      tarquinn_simple_flora_water_e, minmay_stone_trees_small,
          minmay_lizard_pond
D:2:      lemuel_crystal_altar, chequers_ecumenical_altar_simple_redux
D:3:      tgw_xom, lemuel_doored_altar
D:4:      nicolae_ashenzari_panopticon
D:5:      nicolae_overflow_hidden_temple, first_ration, uniq_duvessa
D:6:      okawaru_gym_becter, elyvilon_altar_4, minitemple, minmay_door_square,
          uniq_pikel

Skill      XL: |  1  2  3  4  5  6  7 |
---------------+----------------------+-----
Stealth        | 1 2 3 4 5 7 8 |  8.2
Invocations    | 2 |  2.4
Dodging        | 4 5 6 |  6.9
Unarmed Combat | 3 4 |  4.5
Fighting       | |  3.0

Action                   |  1- 3 |  4- 6 |  7- 9 || total
-------------------------+-------+-------+-------++-------
Melee: Unarmed           |   107 |   262 |    74 ||   443
       Bite              |     7 |    23 |     4 ||    34
       Punch             |       |     4 |     3 ||     7
Invok: Depart the Abyss  |     1 |       |       ||     1
       Bend Space        |       |       |     1 ||     1
  Use: Potion            |     2 |     1 |     3 ||     6
       Scroll            |       |     3 |       ||     3
 Stab: Sleeping          |     9 |    14 |     3 ||    26
       Distracted        |     1 |       |       ||     1
  Eat: Chunk             |     4 |     7 |     1 ||    12
Armor: Skin              |    19 |    42 |    14 ||    75
Dodge: Dodged            |    75 |   202 |    82 ||   359

Table legend:
 A = Non-vault XP
 B = Vault XP
 C = Vault XP percentage of total XP
 D = Non-vault monster count
 E = Vault monster count
 F = Vault count percentage of total count
                 A         B        C        D         E       F
            +---------+---------+-------+---------+---------+-------
      Total |     997 |     245 |  19.7 |      94 |      10 |   9.6
            +---------+---------+-------+---------+---------+-------
        D:1 |      45 |       3 |   6.2 |      27 |       3 |  10.0
        D:2 |     183 |       0 |   0.0 |      23 |       0 |   0.0
        D:3 |      36 |      15 |  29.4 |      14 |       5 |  26.3
        D:4 |      94 |       0 |   0.0 |      11 |       0 |   0.0
        D:5 |     477 |     227 |  32.2 |       7 |       2 |  22.2
        D:6 |     162 |       0 |   0.0 |      12 |       0 |   0.0
            +---------+---------+-------+---------+---------+-------
